 Dungeon Crawl Stone Soup version 0.17.0-7-gfadd4cc (console) character file.

203 gw the Cutter (level 5, 0/42 HPs)
             Began as a Demigod Assassin on Nov 9, 2015.
             Slain by an orc
             ... wielding a +0 trident
              (3 damage)
             ... on level 4 of the Dungeon.
             The game lasted 00:03:07 (2749 turns).

gw the Cutter (Demigod Assassin)                    Turns: 2749, Time: 00:03:07

Health: 0/42       AC:  9    Str: 14    XL:     5   Next: 26%
Magic:  7/7        EV:  6    Int: 15    God:
Gold:   143        SH:  0    Dex: 19    Spells: 0 memorised, 4 levels left

rFire  . . .     SeeInvis .     a - +2 dagger
rCold  . . .     Clarity  .     c - +0 chain mail
rNeg   . . .     SustAt   +     (no shield)
rPois  .         Gourm    .     (no helmet)
rElec  .         Spirit   .     d - +0 cloak
rCorr  .         Warding  .     (no gloves)
rMut   .         Stasis   .     (no boots)
MR     .....                    (no amulet)
Stlth  ..........               (no ring)
                                (no ring)

@: not resistant to hostile enchantments, extremely unstealthy
A: high mp 1, sustain attributes
a: no special abilities


You were on level 4 of the Dungeon.
You were hungry.

You visited 1 branch of the dungeon, and saw 4 of its levels.

You collected 143 gold pieces.

Inventory:

Hand Weapons
 a - a +2 dagger (weapon)
 b - a +0 blowgun
Missiles
 e - a poisoned needle
 f - a curare-tipped needle
Armour
 c - a +0 chain mail (worn)
 d - a +0 cloak (worn)
Comestibles
 g - 5 bread rations


   Skills:
 + Level 2.6 Fighting
 * Level 3.7 Short Blades
 + Level 2.6 Throwing
 + Level 2.0 Armour
 - Level 0.8 Dodging
 - Level 3.6 Stealth


You had 4 spell levels left.
You didn't know any spells.

Dungeon Overview and Level Annotations

Branches:
Dungeon (4/15)
 Temple: D:4-7


Innate Abilities, Weirdness & Mutations

You have an increased reservoir of magic (+10% MP).
Your attributes are resistant to harm.


Message History

ATTACK MOVE TO (0,-1)
You hit the giant frog skeleton.
The giant frog skeleton hits you but does no damage.
Unknown command.
Unknown command.
Unknown command.
Unknown command.
ATTACK MOVE TO (0,-1)
You hit the giant frog skeleton.
The orc hits you from afar with a trident.
The giant frog skeleton barely misses you.
Unknown command.
Unknown command.
Unknown command.
Unknown command.
ATTACK MOVE TO (0,-1)
You hit the giant frog skeleton.
The giant frog skeleton hits you but does no damage.
The orc hits you from afar with a trident.
You die...

###. ~.~~ #...
~~~7 #..~~ ~.~7
#..~~777~.~777
#..~~~~~~~~~~
...~.~.~~~~ #
#.#.# ......o{.#
#.#.#.# #Z#
#.#.#.# #p#
.#...... #.#
!......# #.#
.......# #.#
.......# #.#
?.....<#########.#
...........).....#
.#.###############
#


You could see an orc and a giant frog skeleton.

Table legend:
 A = Turns spent in this place as a percentage of turns spent in the entire game.
 B = Non-inter-level travel turns spent in this place as a percentage of non-inter-level travel turns spent in the entire game.
 C = Inter-level travel turns spent in this place as a percentage of turns spent in this place.
 D = Turns resting spent in this place as a percentage of non-inter-level travel turns spent in this place.
 E = Turns spent auto-exploring this place as a percentage of non-inter-level travel turns spent in this place.
 F = Non-inter-level travel turns spent in this place divided by the number of levels of this place that you've seen.
                   A       B       C       D       E      F
               +-------+-------+-------+-------+-------+----------------------
         Total | 100.0 | 100.0 |   0.4 |   0.3 |   2.6 | 1287.2
       Dungeon | 100.0 | 100.0 |   0.4 |   0.3 |   2.6 | 1287.2
               +-------+-------+-------+-------+-------+----------------------

Table legend:
 A = Kills in this place as a percentage of kills in entire the game.
 B = Kills by you in this place as a percentage of kills by you in the entire game.
 C = Kills by friends in this place as a percentage of kills by friends in the entire game.
 D = Other kills in this place as a percentage of other kills in the entire game.
 E = Experience gained in this place as a percentage of experience gained in the entire game.
 F = Experience gained in this place divided by the number of levels of this place that you have seen.
                   A       B       C       D       E      F
               +-------+-------+-------+-------+-------+----------------------
         Total | 100.0 | 100.0 |  -nan |  -nan | 100.0 |  72.5
       Dungeon | 100.0 | 100.0 |  -nan |  -nan | 100.0 |  72.5
               +-------+-------+-------+-------+-------+----------------------

Vanquished Creatures
  A hound (D:4)
  An orc priest (D:3)
  An orc wizard (D:3)
  4 adders
  4 worms
  A giant gecko (D:3)
  4 orcs
  5 bats
  3 giant cockroaches
  11 goblins
  7 hobgoblins
  3 quokkas
  3 ball pythons
  6 giant newts
  9 kobolds
  8 rats
71 creatures vanquished.

Vanquished Creatures (others)
  A giant newt (D:1)
1 creature vanquished.

Grand Total: 72 creatures vanquished

Notes
Turn   | Place    | Note
--------------------------------------------------------------
     0 | D:1      | gw the Demigod Assassin began the quest for the Orb.
     0 | D:1      | Reached XP level 1. HP: 17/17 MP: 3/3
   222 | D:1      | Reached XP level 2. HP: 24/24 MP: 4/4
   720 | D:2      | Reached skill level 1 in Armour
   759 | D:2      | Reached XP level 3. HP: 29/29 MP: 5/5
  1823 | D:3      | Reached XP level 4. HP: 29/37 MP: 6/6
  2652 | D:3      | Reached XP level 5. HP: 42/42 MP: 7/7
  2748 | D:4      | HP: 2/42 [orc/trident (2)]
  2749 | D:4      | Slain by an orc

Action                   |  1- 3 |  4- 6 || total
-------------------------+-------+-------++-------
Melee: Dagger            |    50 |    83 ||   133
 Fire: Blowgun           |   121 |    43 ||   164
 Stab: Sleeping          |    27 |     1 ||    28
       Distracted        |     2 |     2 ||     4
  Eat: Chunk             |     3 |     2 ||     5

Vault maps used:
D:1:      dpeg_arrival_rhombi, supply_closet_lemuel, hangedman_decor_lopped,
          lemuel_old_faithful
D:3:      first_bread, nicolae_underground_beach
D:4:      kennysheep_boxes
